 Dungeon Crawl Stone Soup version 0.29-a0-551-gffc1d7fb78 (webtiles) character file.

Game seed: 6820974954400873746

21356 Rohain the Carver (level 12, -13/100 HPs)
             Began as a Barachi Fighter on June 5, 2022.
             Was a High Priest of Cheibriados.
             Mangled by a skeletal warrior
             ... wielding a +0 glaive
              (18 damage)
             ... on level 13 of the Dungeon.
             The game lasted 00:32:26 (20339 turns).

Rohain the Carver (Barachi Fighter)                Turns: 20339, Time: 00:32:27

Health: -13/100    AC: 19    Str: 31    XL:     12   Next: 89%
Magic:  6/16       EV:  9    Int: 23    God:    Cheibriados [*****.]
Gold:   740        SH:  8    Dex: 25    Spells: 10/11 levels left

rFire   . . .      SeeInvis .   D - +4 long sword (venom)
rCold   + + .      Faith    .   c - +0 buckler
rNeg    . . .      Spirit   .   H - +0 plate armour
rPois   +          Reflect  .   j - +0 helmet
rElec   .          Harm     .   t - scarf {repulsion}
rCorr   .          Rampage  .   J - +0 pair of gloves of Qazlal's Grace {rPois rC+ Slay+2}
Will    .....                   g - +0 pair of boots
Stlth   ..........              (no amulet)
HPRegen 0.26/turn               G - ring of protection from cold
MPRegen 0.15/turn               K - ring of wizardry

@: unable to hop, studying Shields, repel missiles, very slow
A: amphibious, slowness 1, strong legs 1, +LOS
a: Hop, Renounce Religion, Bend Time, Temporal Distortion, Slouch, Step From
Time


You were on level 13 of the Dungeon.
You worshipped Cheibriados.
Cheibriados was extremely pleased with you.
You visited 2 branches of the dungeon, and saw 15 of its levels.
You also visited: Sewer.

You collected 764 gold pieces.
You spent 24 gold pieces at shops.

Inventory:

Hand Weapons
 a - a +0 long sword
 m - a +1 morningstar of flaming
 x - the +4 whip "Jeorghup" {vorpal, rN++}
   (You found it on level 3 of the Dungeon)

   It inflicts extra damage upon your enemies.
   rN:        It greatly protects you from negative energy.
 A - a +1 hand crossbow of freezing
 D - a +4 long sword of venom (weapon)
 L - a +5 shortbow
Missiles
 p - 85 poisoned darts (quivered)
 y - 2 curare-tipped darts
 O - 4 javelins
Armour
 b - a +1 scale mail
 c - a +0 buckler (worn)
 g - a +0 pair of boots (worn)
 j - a +0 helmet (worn)
 t - a scarf of repulsion (worn)
 v - a +0 pair of gloves
 w - a +0 chain mail
 H - a +0 plate armour (worn)
 J - the +0 pair of gloves of Qazlal's Grace (worn) {rPois rC+ Slay+2}
   (You acquired it on level 10 of the Dungeon)

   Slay:      It affects your accuracy & damage with ranged weapons and melee
   (+2).
   rC:        It protects you from cold.
   rPois:     It protects you from poison.
Jewellery
 G - a ring of protection from cold (left hand)
 K - a ring of wizardry (right hand)
 R - a ring of ice
 T - a ring of wizardry
 V - a ring of wizardry
Wands
 u - a wand of flame (22)
 z - a wand of polymorph (7)
 F - a wand of iceblast (15)
 M - a wand of acid (4)
Scrolls
 f - 2 scrolls of enchant armour
 r - 3 scrolls of immolation
 s - 3 scrolls of amnesia
 B - a scroll of noise
 E - 2 scrolls of teleportation
 I - 3 scrolls of identify
 P - a scroll of magic mapping
 Q - a scroll of fog
 S - 2 scrolls of fear
 U - a scroll of poison
Potions
 d - 4 potions of attraction
 e - 4 potions of cancellation
 h - 4 potions of magic
 i - a potion of might
 l - 3 potions of lignification
 n - 2 potions of haste
 o - 3 potions of flight
 q - 6 potions of degeneration
 C - 4 potions of brilliance
 N - a potion of mutation


   Skills:
 + Level 11.1 Fighting
 + Level 12.3 Long Blades
 + Level 8.2 Crossbows
 + Level 11.1 Armour
 - Level 1.9 Dodging
 - Level 0.2 Stealth
 + Level 12.0 Shields
 + Level 6.4 Invocations


You had 10 spell levels left.
You knew the following spells:

 Your Spells              Type           Power      Damage    Failure   Level
a - Sandblast             Erth           0%         2d4       41%         1

Your spell library contained the following spells:

 Spells                   Type           Power      Damage    Failure   Level
 Apportation              Tloc           0%         N/A       41%         1
 Necrotize                Necr           0%         1d4       41%         1
 Summon Small Mammal      Summ           0%         N/A       41%         1
 Blink                    Tloc           0%         N/A       54%         2
 Passwall                 Tmut/Erth      0%         N/A       54%         2
 Ignite Poison            Fire/Tmut/Pois 0%         N/A       77%         3
 Lesser Beckoning         Tloc           0%         N/A       77%         3
 Mephitic Cloud           Conj/Pois/Air  0%         N/A       77%         3
 Portal Projectile        Hex/Tloc       0%         N/A       77%         3
 Stone Arrow              Conj/Erth      0%         3d7       77%         3
 Tukima's Dance           Hex            0%         N/A       77%         3
 Animate Armour           Summ/Erth      0%         N/A       98%         4
 Petrify                  Tmut/Erth      0%         N/A       98%         4
 Alistair's Intoxication  Tmut/Pois      0%         N/A       100%        5
 Blade Hands              Tmut           0%         N/A       100%        5
 Borgnjor's Vile Clutch   Necr/Erth      0%         N/A       100%        5
 Freezing Cloud           Conj/Ice/Air   0%         6-21      100%        5
 Manifold Assault         Tloc           0%         N/A       100%        5
 Metabolic Englaciation   Hex/Ice        0%         N/A       100%        5
 Eringya's Noxious Bog    Tmut/Pois      0%         N/A       100%        6
 Statue Form              Tmut/Erth      0%         N/A       100%        6
 Storm Form               Tmut/Air       0%         N/A       100%        7
 Lehudib's Crystal Spear  Conj/Erth      0%         10d2      100%        8


Dungeon Overview and Level Annotations

Branches:
Dungeon (14/15)            Temple (1/1) D:4            Lair (0/6) D:9
    Orc (0/2) D:11          Sewer (visited)
 Vaults: D:13-14

Altars:
Ashenzari
Cheibriados
Dithmenos
Elyvilon
Fedhas
Gozag
Hepliaklqana
Kikubaaqudgha
Makhleb
Nemelex Xobeh
Okawaru
Qazlal
Ru
Sif Muna
Trog
Uskayaw
Vehumet
Wu Jian
Xom
Yredelemnul
Zin
The Shining One

Shops:
D:9 *

Annotations:
D:4 3 runed translucent doors, croobank's ghost, amateur OpTm
D:6 3 runed translucent doors, hquester1's ghost, amateur DsNe
D:10 1 runed translucent door, turdburglar's ghost, journeyman GnAM


Innate Abilities, Weirdness & Mutations

You are amphibious.
You cover ground slowly.
You can hop short distances.
You have an extended range of vision and can be seen from far away.


Message History

The skeletal warrior hits you but does no damage.
You slash the skeletal warrior!
The skeletal warrior is lightly damaged.
The skeletal warrior hits you with a +0 glaive!!
You hit the skeletal warrior but do no damage.
The skeletal warrior is lightly damaged.
The skeletal warrior misses you.
You hit the skeletal warrior.
The skeletal warrior is lightly damaged.
The skeletal warrior hits you with a +0 glaive!
You are too injured to fight recklessly!
You are too injured to fight recklessly!
You closely miss the skeletal warrior.
The skeletal warrior is lightly damaged.
You hit the skeletal warrior but do no damage.
The skeletal warrior is lightly damaged.
The skeletal warrior hits you with a +0 glaive!!
You slash the skeletal warrior!
The skeletal warrior is moderately damaged.
The skeletal warrior hits you with a +0 glaive!
* * * LOW HITPOINT WARNING * * *
You hit the skeletal warrior.
The skeletal warrior is heavily damaged.
The skeletal warrior hits you with a +0 glaive!!
* * * LOW HITPOINT WARNING * * *
Okay, then.
Okay, then.
You hit the skeletal warrior.
The skeletal warrior is heavily damaged.
You block the skeletal warrior's attack.
Okay, then.
You step out of the flow of time.
You return to the normal time flow.
Cheibriados lowers the support of your attributes as your movement quickens.
Okay, then.
Hop to where?
Press: ? - help, Dir - move target Boing!
There is a stone staircase leading up here.
The skeletal warrior hits you from afar with a +0 glaive!!
You die...

##............## ##..##
##<## #.............#
##....###.## #............##
##.....##..#
#.............##
#......#..##
##.........##..###........##
##.......####.##........###
##.....## ##.#..........###
####### #.....#####....####
#.@#### ####...># #.##
###... #####z### ##...##
###.......## ##.....#
#..........# #....... ######
##..........# ##.>.....
.....# #...........#
#..)..... .....#
###.........# ##........
....####...###...###
#.........


You could see a skeletal warrior.

Vanquished Creatures
  2 boulder beetles (D:12)
  A catoblepas (D:11)
  4 two-headed ogres
  A skeletal warrior (D:13)
  4 ugly things
  3 cyclopes
  An elephant (D:9)
  Maurice (D:8)
  Maggie (D:8)
  A gargoyle (D:12)
  2 unseen horrors
  3 kobold demonologists
  A queen bee (shapeshifter) (D:13)
  A troll (shapeshifter) (D:13)
  A polar bear (D:8)
  5 trolls
  Grinder (D:5)
  2 wraiths (D:12)
  A water elemental (D:12)
  3 wyverns
  A shadow (D:13)
  2 vampires
  11 yaks
  A basilisk (D:9)
  2 steam dragons
  4 vampire mosquitoes (D:12)
  2 acid dragons (D:10)
  5 orc warriors
  A sky beast (D:7)
  7 ice beasts
  2 black bears
  3 centaurs
  An ogre (shapeshifter) (D:13)
  2 ogres
  3 phantoms
  15 kobold brigands
  3 bullfrogs
  A gnoll sergeant (D:9)
  4 scorpions
  9 wights (D:6)
  3 electric eels
  6 howler monkeys
  2 jellies
  4 hounds
  3 orc priests
  2 iguanas (D:4)
  Natasha (twice) (D:2)
  8 orc wizards
  2 centaur simulacra (D:8)
  13 adders
  11 gnolls
  4 river rats
  2 shadow imps (D:6)
  7 white imps
  2 ufetubi (D:8)
  6 worms
  3 dart slugs
  25 orcs
  11 endoplasms
  A giant cockroach (D:2)
  6 goblins
  9 hobgoblins
  7 jackals
  8 quokkas
  9 ball pythons
  3 bats
  3 frilled lizards
  48 kobolds
  5 rats
333 creatures vanquished.

Vanquished Creatures (others)
  2 orcs (D:11)
  2 fungi (D:9)
  A plant (D:9)
5 creatures vanquished.

Grand Total: 338 creatures vanquished

Notes
Turn   | Place    | Note
-------+----------+-------------------------------------------
     0 | D:1      | Rohain the Barachi Fighter began the quest for the Orb.
     0 | D:1      | Reached XP level 1. HP: 18/18 MP: 1/1
   158 | D:1      | Reached XP level 2. HP: 16/25 MP: 2/2
   774 | D:1      | Reached XP level 3. HP: 26/30 MP: 3/3
  1136 | D:2      | Noticed a scorpion
  1145 | D:2      | Killed a scorpion
  1146 | D:2      | Reached XP level 4. HP: 19/37 MP: 4/4
  1408 | D:2      | Reached skill level 1 in Dodging
  1434 | D:2      | Reached XP level 5. HP: 42/42 MP: 5/5
  1839 | D:2      | Noticed Natasha
  1847 | D:2      | Killed Natasha
  1980 | D:2      | Noticed Natasha
  1986 | D:2      | Killed Natasha
  1987 | D:2      | Reached skill level 5 in Long Blades
  2626 | D:3      | Reached XP level 6. HP: 49/49 MP: 6/6
  2630 | D:3      | Found a glowing drain.
  2664 | D:3      | Identified the +4 whip "Jeorghup" {vorpal, rN++}
  2678 | Sewer    | Entered a sewer
  3399 | Sewer    | Reached XP level 7. HP: 53/55 MP: 7/7
  3642 | Sewer    | Reached skill level 5 in Armour
  4111 | D:3      | Reached skill level 5 in Fighting
  4522 | D:3      | Reached skill level 1 in Crossbows
  4656 | D:4      | Noticed a steam dragon
  4687 | D:3      | Killed a steam dragon
  4688 | D:3      | Reached XP level 8. HP: 34/62 MP: 8/8
  5259 | D:4      | Noticed croobank's ghost (amateur OpTm)
  5260 | D:4      | Found a runed translucent gate.
  5260 | D:4      | Found a runed translucent gate.
  5260 | D:4      | Found a runed translucent gate.
  5335 | D:4      | Found a staircase to the Ecumenical Temple.
  5335 | D:4      | You fall into a shaft and drop 2 floors!
  5604 | D:6      | Found a runed translucent gate.
  5610 | D:5      | Entered Level 5 of the Dungeon
  5614 | D:5      | Reached skill level 5 in Shields
  6265 | Temple   | Entered the Ecumenical Temple
  6474 | Temple   | Became a worshipper of Cheibriados the Contemplative
  6837 | D:5      | Noticed Grinder
  6844 | D:5      | Killed Grinder
  7132 | D:5      | Reached XP level 9. HP: 71/71 MP: 9/9
  7569 | D:6      | Noticed hquester1's ghost (amateur DsNe)
  7570 | D:6      | Noticed a two-headed ogre
  7573 | D:6      | Found a runed translucent gate.
  7573 | D:6      | Found a runed translucent gate.
  7910 | D:5      | HP: 2/66 [orc/+0 hand axe of electrocution (18)]
  8240 | D:6      | Reached * piety under Cheibriados
  8568 | D:6      | Found a hide-covered altar of Uskayaw.
  8939 | D:6      | Reached skill level 1 in Invocations
  9783 | D:7      | Reached ** piety under Cheibriados
 10130 | D:7      | Reached XP level 10. HP: 80/80 MP: 11/11
 10802 | D:8      | Noticed Maggie
 10823 | D:8      | Killed Maggie
 10824 | D:8      | Reached skill level 5 in Crossbows
 11234 | D:8      | Identified a scroll of acquirement
 11234 | D:8      | Acquired a manual of Shields
 11520 | D:8      | Noticed Maurice
 11541 | D:8      | Killed Maurice
 11542 | D:8      | Reached skill level 10 in Long Blades
 11637 | D:8      | Reached *** piety under Cheibriados
 12866 | D:9      | Reached XP level 11. HP: 58/87 MP: 13/13
 12876 | D:9      | Reached **** piety under Cheibriados
 12949 | D:9      | HP: 4/89 [yak (12)]
 13304 | D:9      | Found a staircase to the Lair.
 13599 | D:9      | Found Lixy's General Store.
 13611 | D:9      | Bought a scroll of identify for 24 gold pieces
 13802 | D:9      | Reached ***** piety under Cheibriados
 13960 | D:10     | Entered Level 10 of the Dungeon
 14077 | D:10     | Noticed a two-headed ogre
 14415 | D:10     | Found a runed translucent door.
 14526 | D:10     | Acquired the +0 pair of gloves of Qazlal's Grace {rPois rC+
                  | Slay+2}
 15043 | D:10     | Killed a two-headed ogre
 15399 | D:10     | Noticed a fire dragon
 15399 | D:10     | Noticed turdburglar's ghost (journeyman GnAM)
 15557 | D:11     | Noticed a cyclops
 15561 | D:11     | Killed a cyclops
 15600 | D:11     | Noticed a two-headed ogre
 15607 | D:11     | Killed a two-headed ogre
 15756 | D:11     | Noticed a cyan ugly thing
 15768 | D:11     | Killed a cyan ugly thing
 15769 | D:11     | Reached skill level 10 in Shields
 15891 | D:11     | Noticed a cyclops
 15906 | D:11     | Killed a cyclops
 15907 | D:11     | Reached skill level 5 in Invocations
 15929 | D:11     | Reached skill level 10 in Fighting
 15929 | D:11     | Reached skill level 10 in Armour
 16076 | D:11     | Noticed a catoblepas
 16095 | D:11     | Killed a catoblepas
 16096 | D:11     | Reached XP level 12. HP: 62/97 MP: 15/15
 16119 | D:11     | Found a staircase to the Orcish Mines.
 16612 | D:12     | Learned a level 1 spell: Sandblast
 16612 | D:12     | Noticed a boulder beetle
 16629 | D:12     | Killed a boulder beetle
 17208 | D:12     | Noticed a two-headed ogre
 17216 | D:12     | Killed a two-headed ogre
 17279 | D:12     | Noticed a boulder beetle
 17298 | D:12     | Killed a boulder beetle
 19589 | D:14     | Noticed a centaur warrior
 19655 | D:14     | Noticed a two-headed ogre
 19658 | D:14     | Noticed a rakshasa
 19669 | D:13     | Killed a two-headed ogre
 20334 | D:13     | HP: 3/100 [skeletal warrior/+0 glaive (20)]
 20339 | D:13     | Mangled by a skeletal warrior

Illustrated notes

Levels and vault maps discovered:
D:1:      elethiomel_arrival_quiet, layout_basic
D:2:      layout_rooms, minmay_curled_crystal, uniq_natasha
D:3:      layout_loops_ring, cheibrodos_sewer_entry_sluice, kennysheep_path_1,
          chequers_serial_rivers_small_b, roderic_lattice_a
D:4:      layout_loops_cross, temple_pool_b, gammafunk_ghost_split
D:5:      layout_loops_ring, uniq_grinder
D:6:      layout_layer_cave, old_standard_altar, gammafunk_ghost_split,
          hangedman_decor_points, kennysheep_generic_room_16
D:7:      layout_loops_ring, nicolae_figureground_sparkle
D:8:      layout_cave_pools, serial_ice, serial_ice_e, serial_ice_i,
          serial_ice_a, serial_ice_d, serial_ice_h, serial_ice_g, uniq_maggie,
          uniq_maurice
D:9:      layout_roguey, david_lair_generic, serial_shops,
          nicolae_lakefront_shop, dreamdust_princess_bridge
D:10:     layout_long_grid, ebering_ghost_inner_flame
D:11:     layout_rooms, david_orc_2
D:12:     layout_basic
D:13:     layout_cave_pods
D:14:     layout_cave_pools, ximxim_vaults_locker_room, fountainhead
Temple:   compressed_dpeg_triangle_lava_temple

Skill      XL: |  1  2  3  4  5  6  7  8  9 10 11 12 |
---------------+-------------------------------------+-----
Fighting       | 4 5 6 7 8 10 11 | 11.1
Armour         | 4 5 6 7 8 10 11 | 11.1
Long Blades    | 4 5 6 7 8 9 10 11 12 | 12.3
Dodging        | 1 |  1.9
Shields        | 4 5 6 8 10 12 | 12.0
Crossbows      | 1 3 4 6 7 8 |  8.2
Invocations    | 1 3 5 6 |  6.4
Stealth        | |  0.2

Action                   |  1- 3 |  4- 6 |  7- 9 | 10-12 || total
-------------------------+-------+-------+-------+-------++-------
Melee: Long sword        |   110 |   232 |   552 |   671 ||  1565
       Unarmed           |       |       |       |     9 ||     9
 Fire: Hand crossbow     |       |       |       |    14 ||    14
Throw: Dart              |       |       |    20 |    89 ||   109
Invok: Bend Time         |       |       |       |     2 ||     2
       Step From Time    |       |       |       |     1 ||     1
       Slouch            |       |       |       |     1 ||     1
 Abil: Hop               |       |       |     1 |     4 ||     5
  Use: Scroll            |     2 |     4 |     6 |    20 ||    32
       Potion            |       |       |     8 |     7 ||    15
 Stab: Petrified         |       |       |       |     1 ||     1
Armor: Scale mail        |    45 |    78 |       |       ||   123
       Chain mail        |       |    38 |   328 |       ||   366
       Plate armour      |       |       |       |   384 ||   384
       Skin              |       |       |       |     1 ||     1
Dodge: Dodged            |    47 |    81 |   197 |   232 ||   557
       Repelled          |       |       |     8 |     4 ||    12
Block: Buckler           |    23 |    48 |   125 |   243 ||   439

Table legend: (Time is in decaauts)
 A = Elapsed time spent in this place.
 B = Non-inter-level travel time spent in this place.
 C = Inter-level travel time spent in this place.
 D = Time resting spent in this place.
 E = Time spent auto-exploring this place.
 F = Levels seen in this place.
 G = Mean time per level.
                   A        B        C        D        E       F      G
               +--------+--------+--------+--------+--------+-----+--------+
         Total |  25900 |  25019 |    881 |   6508 |  14576 |  16 | 1618.8 |
       Dungeon |  24101 |  23247 |    854 |   5862 |  13801 |  14 | 1721.5 |
        Temple |    278 |    251 |     27 |      0 |    222 |   1 |  278.0 |
         Sewer |   1520 |   1520 |      0 |    646 |    552 |   1 | 1520.0 |
               +--------+--------+--------+--------+--------+-----+--------+

Top non-repeatable levels by time:
    D:12: 3062 daAuts
     D:9: 2721 daAuts
    D:13: 2180 daAuts
     D:6: 2052 daAuts
     D:7: 1972 daAuts
    D:10: 1962 daAuts
     D:8: 1862 daAuts
     D:5: 1773 daAuts
     D:3: 1553 daAuts
   Sewer: 1520 daAuts
    D:11: 1377 daAuts
     D:1: 1283 daAuts
     D:2: 1237 daAuts
     D:4: 1020 daAuts
  Temple: 278 daAuts
